[Event "Titled Tuesday Blitz May 24 Late 2022"]
[White "Sydoryka, Vladyslav"]
[Black "Ohanyan, Emin"]
[WhiteFideId "14145928"]
[BlackFideId "13312022"]
[WhiteElo "2283"]
[BlackElo "1927"]
[Result "1-0"]
[Round "05"]
[TimeControl "180+1"]
[Date "2022.05.25"]
[WhiteClock "0:01:38"]
[BlackClock "0:00:19"]

1. Nf3 d5 2. d4 Nf6 3. c4 e6 4. g3 Bd6 5. Bg2 Nbd7 6. O-O O-O 7. b3 e5 8. cxd5 exd4 9. Qxd4 Re8 10. Nc3 Ne5 11. Bf4 Qe7 12. Nxe5 Bxe5 13. Bxe5 Qxe5 14. Qxe5 Rxe5 15. e4 Ne8 16. f4 Re7 17. e5 Bd7 18. Rac1 Rd8 19. Ne4 Bf5 20. Nc5 b6 21. Na6 f6 22. Nb4 Bd7 23. e6 Bb5 24. Rfd1 Nd6 25. a4 Be8 26. Rd2 a5 27. Na6 Rc8 28. Rdc2 c5 29. dxc6 Ra7 30. Bf1 Rca8 31. c7 Nc8 32. Nb8 Rb7 33. Bg2 1-0


[Site "https://www.chess.com"]

[Event "Titled Tuesday Blitz May 24 Late 2022"]
[White "Szente Varga, Fruzsina"]
[Black "Richter, Nils"]
[WhiteFideId "712264"]
[BlackFideId "12990809"]
[WhiteElo "1994"]
[BlackElo "2243"]
[Result "1-0"]
[Round "05"]
[TimeControl "180+1"]
[Date "2022.05.25"]
[WhiteClock "0:00:23"]
[BlackClock "0:00:24"]

1. e4 c5 2. Nf3 Nc6 3. Bb5 g6 4. O-O Bg7 5. Nc3 e5 6. d3 Nge7 7. Bg5 O-O 8. Nd5 f6 9. Be3 Nxd5 10. exd5 Nd4 11. Bc4 d6 12. Nxd4 cxd4 13. Bd2 Bd7 14. a4 f5 15. Qe2 Qf6 16. f4 Rae8 17. fxe5 Rxe5 18. Qf2 Re7 19. a5 g5 20. Rae1 Rfe8 21. Rxe7 Rxe7 22. Re1 f4 23. Rxe7 Qxe7 24. h4 h6 25. Qe1 Be5 26. Qe2 Qf6 27. hxg5 hxg5 28. Qh5 Kg7 29. b4 g4 30. Kf2 f3 31. g3 Bf5 32. Bg5 Qg6 33. Qxg6+ Bxg6 34. Bd8 Kf7 35. b5 Ke8 36. Bc7 Kd7 37. Bb8 b6 38. Bxa7 bxa5 39. b6 Bf4 40. gxf4 Bh5 41. b7 g3+ 42. Kxg3 f2 43. Kxf2 1-0


[Site "https://www.chess.com"]

[Event "Titled Tuesday Blitz May 24 Late 2022"]
[White "Terry, Renato"]
[Black "Taboas Rodriguez, Daniel"]
[WhiteFideId "3803457"]
[BlackFideId "2208466"]
[WhiteElo "2577"]
[BlackElo "2429"]
[Result "1-0"]
[Round "05"]
[TimeControl "180+1"]
[Date "2022.05.24"]
[WhiteClock "0:01:13"]
[BlackClock "0:00:39"]

1. d4 Nf6 2. Bg5 Ne4 3. Bf4 d5 4. f3 Nf6 5. Nc3 c5 6. e3 Nc6 7. Qd2 Bf5 8. g4 Bg6 9. h4 h6 10. Bd3 Bxd3 11. Qxd3 e6 12. Nge2 Bd6 13. dxc5 Bxc5 14. O-O-O Qa5 15. Kb1 O-O-O 16. Nc1 e5 17. Nb3 Qb4 18. a3 Qc4 19. Qxc4 dxc4 20. Nxc5 exf4 21. exf4 Rhe8 22. g5 Nh5 23. Nb5 Rxd1+ 24. Rxd1 Re3 25. Rd7 Re7 26. Nxa7+ 1-0


[Site "https://www.chess.com"]

[Event "Titled Tuesday Blitz May 24 Late 2022"]
[White "Tisaj, Domen"]
[Black "Meunier-Pion, Jean"]
[WhiteFideId "14628708"]
[BlackFideId "20685327"]
[WhiteElo "2326"]
[BlackElo "2124"]
[Result "1-0"]
[Round "05"]
[TimeControl "180+1"]
[Date "2022.05.25"]
[WhiteClock "0:00:16"]
[BlackClock "0:00:01"]

1. a3 e5 2. e4 Nf6 3. Nc3 Nc6 4. Nf3 Be7 5. Bc4 O-O 6. d3 d6 7. O-O Be6 8. h3 Bxc4 9. dxc4 Qd7 10. Qd3 Nh5 11. Nd5 Nd8 12. g4 Nf6 13. Nxe5 Qe6 14. Nf3 Rc8 15. Nd4 Qd7 16. Nf5 Nc6 17. Nfxe7+ Nxe7 18. Nxf6+ gxf6 19. Bh6 Rfe8 20. Qd4 Qe6 21. f4 Nc6 22. Qc3 Qxe4 23. Qxf6 Qd4+ 24. Qxd4 Nxd4 25. Rf2 Re6 26. Bg5 Re3 27. Kg2 Rce8 28. Rd1 c5 29. c3 Ne2 30. Rxd6 Rg3+ 31. Kh2 Rge3 32. f5 R3e4 33. Bh6 Rxc4 34. Rd7 b5 35. Rxa7 b4 36. axb4 cxb4 37. cxb4 Rxb4 38. Rd7 Rxb2 39. f6 Rb3 40. Re7 Rxe7 41. fxe7 Rb8 42. Rxe2 Re8 43. Bf8 f6 44. Kg3 Kf7 45. Kf4 Kg6 46. h4 Kf7 47. h5 Kg8 48. Kf5 Kf7 49. Re6 h6 50. Rxf6+ Kg8 51. Rg6+ Kh7 52. Rxh6+ Kg8 53. Rg6+ Kh7 54. Rg7+ Kh8 55. Rf7 Kg8 56. Kg6 Rc8 57. Bg7 Rc6+ 58. Bf6 Rc8 59. Rg7+ Kh8 60. Rh7+ Kg8 61. Rh8# 1-0


[Site "https://www.chess.com"]

[Event "Titled Tuesday Blitz May 24 Late 2022"]
[White "Tristan, Leonardo"]
[Black "Manukyan, Sargis A."]
[WhiteFideId "113816"]
[BlackFideId "13303970"]
[WhiteElo "2404"]
[BlackElo "2187"]
[Result "1-0"]
[Round "05"]
[TimeControl "180+1"]
[Date "2022.05.25"]
[WhiteClock "0:00:16"]
[BlackClock "0:01:01"]

1. d4 d5 2. Nf3 Nf6 3. Bf4 Nbd7 4. e3 b6 5. Ne5 Bb7 6. Nd2 a6 7. Bd3 e6 8. Qf3 Bd6 9. g4 h6 10. h4 Qe7 11. g5 hxg5 12. hxg5 Rxh1+ 13. Qxh1 Ng8 14. Qh7 Qf8 15. Ndf3 Nxe5 16. Nxe5 O-O-O 17. O-O-O Ne7 18. Rh1 c5 19. c3 c4 20. Bc2 b5 21. Rh4 b4 22. g6 fxg6 23. Nxg6 Nxg6 24. Qxg6 Qe7 25. Bg5 Qd7 26. Bxd8 Kxd8 27. Rh7 Bf8 28. Rh8 Qe7 29. Qg3 bxc3 30. Qb8+ Bc8 31. Qb6+ Ke8 32. Bg6+ Kd7 33. bxc3 Qa3+ 34. Kd2 Qxa2+ 35. Bc2 Qa3 36. Qa7+ Kd8 37. Qf7 Bd7 38. Qxf8+ Qxf8 39. Rxf8+ Kc7 40. Rg8 Kb6 41. Rxg7 Bc6 42. Re7 a5 43. Rxe6 a4 44. Bxa4 Ka5 45. Bxc6 Kb6 46. Bxd5+ Ka5 47. Bxc4 Ka4 48. Ra6# 1-0


[Site "https://www.chess.com"]

[Event "Titled Tuesday Blitz May 24 Late 2022"]
[White "Turutin, Alexander"]
[Black "Barria Zuniga, Daniel"]
[WhiteFideId "4180623"]
[BlackFideId "3400816"]
[WhiteElo "2402"]
[BlackElo "2414"]
[Result "0-1"]
[Round "05"]
[TimeControl "180+1"]
[Date "2022.05.25"]
[WhiteClock "0:01:17"]
[BlackClock "0:00:37"]

1. e4 e6 2. d4 d5 3. Nc3 Bb4 4. e5 Ne7 5. a3 Bxc3+ 6. bxc3 c5 7. h4 Nbc6 8. Nf3 Qc7 9. Bd2 Bd7 10. h5 h6 11. Rh4 O-O-O 12. Rf4 Rdf8 13. g3 f5 14. exf6 gxf6 15. Qe2 c4 16. Bh3 Qd6 17. Kf1 e5 18. Bxd7+ Kxd7 19. dxe5 fxe5 20. Rxf8 Rxf8 21. Nh4 Qe6 22. Kg2 Nf5 23. Ng6 Rf6 24. Re1 Rxg6 25. hxg6 Qxg6 26. Rh1 Ke6 27. Kf1 Qf6 28. g4 Ng3+ 29. Ke1 Nxe2 30. Rxh6 Qxh6 31. Bxh6 Nxc3 0-1


[Site "https://www.chess.com"]

[Event "Titled Tuesday Blitz May 24 Late 2022"]
[White "Vajda, Levente"]
[Black "Al-Tarboush, Ward"]
[WhiteFideId "1203975"]
[BlackFideId "7601450"]
[WhiteElo "2573"]
[BlackElo "2294"]
[Result "1-0"]
[Round "05"]
[TimeControl "180+1"]
[Date "2022.05.24"]
[WhiteClock "0:02:30"]
[BlackClock "0:01:43"]

1. e4 e6 2. d4 d5 3. Nd2 c5 4. exd5 Qxd5 5. Ngf3 cxd4 6. Bc4 Qd6 7. O-O Nf6 8. Nb3 Nc6 9. Nbxd4 Nxd4 10. Nxd4 Be7 11. c3 O-O 12. Qf3 Qc7 13. Bb3 a6 14. Bg5 h6 15. Bh4 Nd5 16. Bg3 Qc5 17. Rad1 Rd8 18. Rfe1 Bd7 19. Bxd5 exd5 20. b4 Qc8 1-0


[Site "https://www.chess.com"]

[Event "Titled Tuesday Blitz May 24 Late 2022"]
[White "Villiers, Thomas"]
[Black "Gatterer, Florian"]
[WhiteFideId "427209"]
[BlackFideId "811688"]
[WhiteElo "2164"]
[BlackElo "2218"]
[Result "1/2-1/2"]
[Round "05"]
[TimeControl "180+1"]
[Date "2022.05.25"]
[WhiteClock "0:00:16"]
[BlackClock "0:00:10"]

1. e4 c5 2. Nf3 Nc6 3. d4 cxd4 4. Nxd4 g6 5. Nc3 Bg7 6. Be3 Nf6 7. Be2 O-O 8. O-O d5 9. exd5 Nb4 10. d6 Qxd6 11. a3 Nbd5 12. Ndb5 Qd8 13. Bd4 a6 14. Nxd5 Nxd5 15. Bxg7 Kxg7 16. Nd4 e5 17. Nb3 Nf4 18. Bf3 Qf6 19. Nc5 Bf5 20. c4 Rac8 21. Nxb7 Rxc4 22. Nd6 Rd4 23. Nxf5+ Qxf5 24. Qb3 Rd3 25. Qb7 Rfd8 26. Be4 R3d7 27. Bxf5 Rxb7 28. Be4 Rxb2 29. g3 Ne2+ 30. Kg2 Nd4 31. Rfc1 Rd7 32. Rc8 f5 33. Bd3 e4 34. Bxa6 e3 35. Rf1 Ra7 36. Bc4 Rxf2+ 37. Rxf2 exf2 38. Kxf2 Rxa3 39. Rc7+ Kh6 40. Bg8 Kg5 41. h4+ Kf6 42. Rxh7 Rc3 43. Rf7+ Ke5 44. Re7+ Kd6 45. Rg7 Ke5 46. Rxg6 Rc2+ 47. Kf1 Nf3 48. Re6+ Kd4 49. Rd6+ Ke5 50. Rd1 Nh2+ 51. Kg1 Nf3+ 52. Kf1 Nh2+ 53. Kg1 Nf3+ 54. Kf1 1/2-1/2


[Site "https://www.chess.com"]

[Event "Titled Tuesday Blitz May 24 Late 2022"]
[White "Vovk, Orest"]
[Black "Sarkar, Justin"]
[WhiteFideId "14113490"]
[BlackFideId "2010011"]
[WhiteElo "2203"]
[BlackElo "2020"]
[Result "1-0"]
[Round "05"]
[TimeControl "180+1"]
[Date "2022.05.25"]
[WhiteClock "0:01:05"]
[BlackClock "0:00:01"]

1. h4 e5 2. h5 d5 3. h6 Nxh6 4. d4 exd4 5. Bxh6 gxh6 6. Qxd4 Rg8 7. Nc3 Bg7 8. Qh4 Qxh4 9. Rxh4 c6 10. O-O-O Be6 11. Nf3 Nd7 12. Nd4 O-O-O 13. e4 Bxd4 14. Rxd4 c5 15. Rxd5 Bxd5 16. Nxd5 Rde8 17. Bb5 Rxg2 18. Bxd7+ Kxd7 19. Nf6+ Ke7 20. Nxe8 Kxe8 21. Rxh6 Rxf2 22. Rxh7 Re2 23. Rh8+ Kd7 24. Rb8 Kc7 25. Rf8 Rxe4 26. Rxf7+ Kc6 27. b3 a5 28. a4 c4 29. Kb2 cxb3 30. cxb3 Re3 31. Ka3 Rd3 32. Rf6+ Kc7 33. Rg6 Re3 34. Kb2 Rf3 35. Rg5 Rh3 36. Rxa5 Kb6 37. Rb5+ Ka6 38. Rg5 b6 39. Ka3 Rf3 40. Rg4 Re3 41. Kb4 Re5 42. Rc4 Rh5 43. Rg4 Rf5 44. Rg8 Rf4+ 45. Ka3 Re4 46. Ra8+ Kb7 47. Rh8 Rg4 48. Rh5 Rf4 49. Rh3 Re4 50. b4 Rf4 51. Rh7+ Kc6 52. b5+ Kc5 53. Rc7+ Kd5 54. Rc6 Rf3+ 55. Kb4 Rf4+ 56. Kb3 Rf3+ 57. Rc3 1-0


[Site "https://www.chess.com"]

[Event "Titled Tuesday Blitz May 24 Late 2022"]
[White "Vujic, Mihailo"]
[Black "Arnold, Ken"]
[WhiteFideId "918873"]
[BlackFideId "2056836"]
[WhiteElo "2256"]
[BlackElo "2301"]
[Result "1-0"]
[Round "05"]
[TimeControl "180+1"]
[Date "2022.05.25"]
[WhiteClock "0:00:09"]
[BlackClock "0:00:04"]

1. e4 c6 2. d4 d5 3. f3 dxe4 4. fxe4 e5 5. Nf3 Bg4 6. Bc4 Nd7 7. O-O Ngf6 8. c3 Bxf3 9. Qxf3 Bd6 10. Bg5 h6 11. Bh4 Qb6 12. Nd2 exd4 13. Bxf6 Nxf6 14. e5 Bxe5 15. Ne4 O-O 16. Nxf6+ Bxf6 17. Qg4 dxc3+ 18. Kh1 cxb2 19. Rab1 Qd4 20. Rf4 Qc3 21. h3 Rae8 22. Rff1 h5 23. Qf4 Qe3 24. Qf5 Re5 25. Qc2 Rg5 26. Rf3 Qd4 27. Bb3 Rc5 28. Qe2 Rc1+ 29. Rf1 Qf4 30. Rd1 Be5 31. Kg1 Qh2+ 32. Kf2 Bg3+ 33. Kf3 Rc3+ 34. Rd3 Rxd3+ 35. Qxd3 Be5 36. Qg6 Qf4+ 37. Ke2 h4 38. Rf1 Qxf1+ 39. Kxf1 Kh8 40. Qh5+ Kg8 41. Bc2 g6 42. Qxe5 Rd8 43. Qxb2 1-0


[Site "https://www.chess.com"]

[Event "Titled Tuesday Blitz May 24 Late 2022"]
[White "Ward, Ieuan C"]
[Black "Nozdrachev, Leonid"]
[WhiteFideId "406627"]
[BlackFideId "24113433"]
[WhiteElo "2334"]
[BlackElo "2255"]
[Result "0-1"]
[Round "05"]
[TimeControl "180+1"]
[Date "2022.05.25"]
[WhiteClock "0:00:47"]
[BlackClock "0:01:52"]

1. e4 c5 2. Nf3 Nc6 3. d4 cxd4 4. c3 Nf6 5. e5 Nd5 6. cxd4 d6 7. Bc4 Nb6 8. Bb3 dxe5 9. Nxe5 Nxe5 10. dxe5 Qxd1+ 11. Bxd1 Bd7 12. Bf3 Rc8 13. Nc3 Bc6 14. Bxc6+ Rxc6 15. O-O e6 16. Bf4 Bb4 17. Nb5 a6 18. Nd6+ Bxd6 19. exd6 Kd7 20. Rac1 Rhc8 21. Rxc6 Rxc6 22. b3 Nd5 23. Bg3 Rc2 24. a4 f5 25. Be5 g5 26. Rb1 Re2 27. Bb2 Kxd6 28. Ba3+ Kd7 29. Kf1 Rc2 30. Rc1 Ra2 31. Bf8 Rb2 0-1


[Site "https://www.chess.com"]

[Event "Titled Tuesday Blitz May 24 Late 2022"]
[White "Winkels, Marcel"]
[Black "Blackman, Justin"]
[WhiteFideId "1003887"]
[BlackFideId "11100516"]
[WhiteElo "1900"]
[BlackElo "2112"]
[Result "0-1"]
[Round "05"]
[TimeControl "180+1"]
[Date "2022.05.25"]
[WhiteClock "0:01:02"]
[BlackClock "0:01:06"]

1. e4 e5 2. Nf3 Nc6 3. Bc4 Bc5 4. b4 Bxb4 5. c3 Ba5 6. d4 d6 7. O-O Bb6 8. Ng5 Nh6 9. Qh5 Qf6 10. f4 exd4 11. e5 Qe7 12. exd6 cxd6 13. Kh1 Bg4 14. Qh4 O-O-O 15. Nxf7 Qxh4 16. Nxh8 Rxh8 17. Na3 Nf5 18. h3 Ng3+ 0-1


[Site "https://www.chess.com"]

[Event "Titled Tuesday Blitz May 24 Late 2022"]
[White "Wu, Derek"]
[Black "Vega Gutierrez, Sabrina"]
[WhiteFideId "30914558"]
[BlackFideId "2219026"]
[WhiteElo "2071"]
[BlackElo "2286"]
[Result "1-0"]
[Round "05"]
[TimeControl "180+1"]
[Date "2022.05.25"]
[WhiteClock "0:00:58"]
[BlackClock "0:00:02"]

1. e4 c5 2. Nf3 Nc6 3. Bb5 Nf6 4. O-O Nxe4 5. d4 cxd4 6. Nxd4 e6 7. c4 Bc5 8. Nb3 Be7 9. Qg4 Ng5 10. h4 f5 11. Qg3 Nf7 12. Qxg7 Bf6 13. Qg3 Bxh4 14. Qf3 Nce5 15. Qh5 a6 16. Ba4 Nxc4 17. Nc5 b5 18. Bb3 Ne5 19. Bf4 Bf6 20. Rd1 Qe7 21. Nd3 Nxd3 22. Rxd3 Bb7 23. Nc3 Rg8 24. g3 Bc6 25. Bd6 Qd8 26. Re1 Rg6 27. Qxh7 Rg7 28. Qxf5 Be7 29. Qh5 Bxd6 30. Rxd6 Qe7 31. Rdxe6 dxe6 32. Rxe6 Bd7 33. Rxe7+ Kxe7 34. Nd5+ Kf8 35. Nf6 Bc6 36. Qc5+ 1-0


[Site "https://www.chess.com"]

[Event "Titled Tuesday Blitz May 24 Late 2022"]
[White "Yanayt, Eugene"]
[Black "Wieczorek, Oskar"]
[WhiteFideId "2020165"]
[BlackFideId "1133950"]
[WhiteElo "2046"]
[BlackElo "2330"]
[Result "1/2-1/2"]
[Round "05"]
[TimeControl "180+1"]
[Date "2022.05.24"]
[WhiteClock "0:00:05"]
[BlackClock "0:00:11"]

1. d4 Nf6 2. Nf3 c5 3. d5 g6 4. c4 Bg7 5. Nc3 d6 6. Nd2 O-O 7. e4 a6 8. Be2 b5 9. cxb5 axb5 10. Bxb5 Ba6 11. O-O Ne8 12. Bxa6 Rxa6 13. Nc4 Nd7 14. Qe2 Nc7 15. a4 Qa8 16. Bg5 Re8 17. a5 e6 18. Qd2 Bxc3 19. bxc3 exd5 20. exd5 Qxd5 21. Qxd5 Nxd5 22. Rfd1 Nxc3 23. Rxd6 Nb8 24. f3 f5 25. Kf1 Nb5 26. Rb6 Nd4 27. Nd6 Rxb6 28. axb6 Re6 29. Bf4 g5 30. Ra8 Nc6 31. Bg3 f4 32. Bf2 Rxd6 33. Bxc5 Rd7 34. Ra7 Kf7 35. Rc7 Ke6 36. Bf8 h5 37. Bh6 Rd5 38. h4 gxh4 39. Bxf4 Rb5 40. b7 Kd5 41. Rc8 Rxb7 42. Bxb8 Rxb8 43. Rc7 Ne5 44. Rh7 Ke6 45. Rxh5 Ng6 46. Rh6 Kf6 47. Kg1 Kg5 48. Rh7 Rb1+ 49. Kh2 Rb2 50. Rc7 Nf4 51. Rc5+ Kf6 52. Kh1 Nxg2 53. Rc4 Kg5 54. Rg4+ Kh5 55. Rxg2 Rb3 56. Kh2 Rxf3 57. Rg8 Rf6 58. Rh8+ Kg4 59. Rg8+ Kf4 60. Rh8 Kg5 61. Rg8+ Kh5 62. Rh8+ Rh6 63. Rxh6+ Kxh6 64. Kh3 Kg7 65. Kh2 Kf8 66. Kh3 Ke8 67. Kxh4 1/2-1/2


[Site "https://www.chess.com"]

[Event "Titled Tuesday Blitz May 24 Late 2022"]
[White "Yang, Kaiqi"]
[Black "Bibasa, Bob"]
[WhiteFideId "8604398"]
[BlackFideId "10000240"]
[WhiteElo "2373"]
[BlackElo "2032"]
[Result "1-0"]
[Round "05"]
[TimeControl "180+1"]
[Date "2022.05.25"]
[WhiteClock "0:00:09"]
[BlackClock "0:00:06"]

1. d4 Nf6 2. c4 e6 3. Bf4 b6 4. a3 Bb7 5. Nc3 Be7 6. Qc2 O-O 7. e4 d6 8. Nf3 c5 9. d5 e5 10. Be3 Nbd7 11. h3 Re8 12. Be2 Nf8 13. Nd2 Ng6 14. g3 h6 15. h4 Bc8 16. h5 Nf8 17. f3 N6h7 18. O-O-O Bf6 19. Nf1 Ng5 20. f4 exf4 21. gxf4 Bxc3 22. fxg5 Bd4 23. gxh6 Bxe3+ 24. Nxe3 Qg5 25. Qd3 Qxh6 26. Kb1 Nh7 27. Bg4 Bxg4 28. Nxg4 Qf4 29. Rdg1 Qxe4 30. Nh6+ Kf8 31. Qxe4 Rxe4 32. Nf5 Rae8 33. Nxd6 R8e5 34. Nxe4 Rxe4 35. b3 Re3 36. Kc2 Re2+ 37. Kd3 Rb2 38. Rb1 Ra2 39. a4 Nf6 40. h6 gxh6 41. Rxh6 Ng4 42. Rh8+ Kg7 43. Rhh1 Nf2+ 44. Kc3 Nxh1 45. Rxh1 Kf6 46. Re1 Rh2 47. a5 Rh3+ 48. Kb2 Rd3 49. Re8 Kg6 50. a6 f5 51. Kc2 Rd4 52. Re7 f4 53. Rxa7 f3 54. Ra8 Kg5 55. Rf8 Rf4 56. Rxf4 Kxf4 57. a7 f2 58. a8=Q f1=Q 59. Qf8+ Ke3 60. Qxf1 1-0


[Site "https://www.chess.com"]

[Event "Titled Tuesday Blitz May 24 Late 2022"]
[White "Yuan, Qingyu"]
[Black "Janturin, Artur"]
[WhiteFideId "8609772"]
[BlackFideId "4130022"]
[WhiteElo "2359"]
[BlackElo "2412"]
[Result "1-0"]
[Round "05"]
[TimeControl "180+1"]
[Date "2022.05.25"]
[WhiteClock "0:00:45"]
[BlackClock "0:00:18"]

1. e4 a6 2. d4 b5 3. Nd2 Bb7 4. a4 b4 5. Bd3 Nf6 6. c4 bxc3 7. bxc3 e6 8. Rb1 Qc8 9. Ngf3 Nc6 10. O-O Be7 11. c4 a5 12. e5 Ng8 13. Re1 Nb4 14. Be4 Nh6 15. d5 exd5 16. cxd5 Bxd5 17. Rxb4 axb4 18. Bxd5 c6 19. Bb3 O-O 20. Qc2 d5 21. exd6 Bxd6 22. Ne4 Be7 23. Bxh6 gxh6 24. Ng3 Bf6 25. Nf5 Bg7 26. Ne7+ 1-0


[Site "https://www.chess.com"]

[Event "Titled Tuesday Blitz May 24 Late 2022"]
[White "Yurovskykh, Oleksandr"]
[Black "Kostiukov, Alexandr"]
[WhiteFideId "14134020"]
[BlackFideId "14108100"]
[WhiteElo "2292"]
[BlackElo "2202"]
[Result "0-1"]
[Round "05"]
[TimeControl "180+1"]
[Date "2022.05.25"]
[WhiteClock "0:00:01"]
[BlackClock "0:00:08"]

1. d4 g6 2. e4 Bg7 3. c4 d6 4. Nc3 e5 5. d5 f5 6. exf5 gxf5 7. Qh5+ Kf8 8. Qd1 Nf6 9. g3 a5 10. Bh3 Kf7 11. Nf3 Rf8 12. Nh4 f4 13. Bf5 Kg8 14. g4 Na6 15. Qc2 Nb4 16. Qb1 e4 17. Bxc8 Nd3+ 18. Kf1 Rxc8 19. Nf5 Nxf2 20. Nxg7 Nxh1 21. Ne6 Qe7 22. Kg2 Nxg4 23. Kxh1 Qh4 24. Qc2 f3 25. Bg5 Qh3 26. Nxf8 f2 27. Bf4 Qf3# 0-1


[Site "https://www.chess.com"]

[Event "Titled Tuesday Blitz May 24 Late 2022"]
[White "Zakhartsov, Vladimir"]
[Black "Paravyan, David"]
[WhiteFideId "4145097"]
[BlackFideId "4194985"]
[WhiteElo "2428"]
[BlackElo "2569"]
[Result "0-1"]
[Round "05"]
[TimeControl "180+1"]
[Date "2022.05.24"]
[WhiteClock "0:00:04"]
[BlackClock "0:01:01"]

1. c4 Nf6 2. Nc3 d5 3. cxd5 Nxd5 4. Nf3 g6 5. g3 Bg7 6. Bg2 O-O 7. h4 c5 8. h5 Nc6 9. Qa4 e6 10. hxg6 hxg6 11. Ne4 Qb6 12. a3 Rd8 13. d3 Bd7 14. Qc2 Rac8 15. Qxc5 Qa6 16. Qc4 b5 17. Qa2 Ncb4 18. axb4 Rxc1+ 19. Kd2 Rc2+ 20. Kd1 Qc6 21. Rb1 Nxb4 22. Qb3 a5 23. Ne1 Rc5 24. Nf6+ Bxf6 25. Bxc6 Bxc6 26. f3 Rc8 27. Nc2 Rxc2 28. Rc1 Rxc1+ 29. Kxc1 Bd5+ 30. Kd2 Bxb3 0-1


[Site "https://www.chess.com"]

[Event "Titled Tuesday Blitz May 24 Late 2022"]
[White "Zhigalko, Sergei"]
[Black "Nakamura, Hikaru"]
[WhiteFideId "13502956"]
[BlackFideId "2016192"]
[WhiteElo "2662"]
[BlackElo "2850"]
[Result "0-1"]
[Round "05"]
[TimeControl "180+1"]
[Date "2022.05.24"]
[WhiteClock "0:00:01"]
[BlackClock "0:00:52"]

1. e4 e5 2. Nf3 Nc6 3. Bb5 Nf6 4. O-O Nxe4 5. d4 Nd6 6. Bxc6 dxc6 7. dxe5 Nf5 8. Qxd8+ Kxd8 9. Nc3 Bd7 10. h3 Kc8 11. b3 h6 12. Bb2 a5 13. a4 b6 14. Rad1 Ne7 15. Rfe1 c5 16. Ne2 Ng6 17. c4 Bf5 18. Rd2 Kb7 19. Nc3 Nf4 20. Nd5 Nd3 21. Red1 Nxb2 22. Rxb2 g5 23. Rbd2 Bg7 24. Nf6 Bxf6 25. exf6 Rae8 26. Nh2 Re6 27. Ng4 Bxg4 28. hxg4 Rxf6 29. Rd7 Re8 30. f3 Re3 31. R1d3 Rxd3 32. Rxd3 Rd6 33. Re3 Rd2 34. Kh2 Rb2 35. Kg3 Kc8 36. Rd3 Re2 37. Kh3 Re6 38. Kg3 Rd6 39. Re3 Kd7 40. f4 gxf4+ 41. Kxf4 Rf6+ 42. Kg3 Re6 43. Rd3+ Ke7 44. Kf4 Rf6+ 45. Kg3 Rd6 46. Re3+ Kf6 47. Kh4 Rd2 48. Rf3+ Kg6 49. Kg3 Rd4 50. Kh3 Re4 51. Kg3 f6 52. Kh3 Rd4 53. Kg3 Rd2 54. Kh3 Rd1 55. Kg3 Rh1 56. Kf2 Rd1 57. Kg3 Kf7 58. Kf4 Rd2 59. Kg3 Ke6 60. Re3+ Kd6 61. Kf4 Rxg2 62. Rd3+ Ke6 63. Re3+ Kf7 64. Rd3 Kg6 65. Kf3 Rb2 66. Kf4 Rb1 67. Kg3 f5 68. gxf5+ Kxf5 69. Kf3 Ke5 70. Rd5+ Ke6 71. Rd3 h5 72. Kf4 Rf1+ 73. Kg5 Rf5+ 74. Kh4 Ke5 75. Rd7 Rf3 0-1


[Site "https://www.chess.com"]

[Event "Titled Tuesday Blitz May 24 Late 2022"]
[White "Adewumi, Tanitoluwa"]
[Black "Francisco Guecamburu, Candela Be"]
[WhiteFideId "30966396"]
[BlackFideId "160911"]
[WhiteElo "2515"]
[BlackElo "1847"]
[Result "1/2-1/2"]
[Round "06"]
[TimeControl "180+1"]
[Date "2022.05.25"]
[WhiteClock "0:00:06"]
[BlackClock "0:00:12"]

1. e4 c5 2. Nf3 g6 3. c3 d5 4. exd5 Qxd5 5. d4 Bg7 6. Be3 cxd4 7. cxd4 Nf6 8. Nc3 Qd6 9. h3 O-O 10. Be2 b6 11. O-O Bb7 12. Rc1 Nc6 13. Qd2 Rac8 14. Rfd1 Rfd8 15. Bf4 Qb4 16. a3 Qa5 17. Qe3 e6 18. Bc4 Ne7 19. Bxe6 fxe6 20. Qxe6+ Kf8 21. Bd6 Rxd6 22. Qxd6 Bxf3 23. gxf3 Qf5 24. Ne4 Re8 25. Qe5 Qxf3 26. Ng5 Qf5 27. Ne6+ Kg8 28. Nxg7 Kxg7 29. Qxf5 Nxf5 30. Rc7+ Re7 31. Rxe7+ Nxe7 32. Kg2 Kf7 33. Kf3 Ned5 34. Ke2 Ke6 35. Kd3 a6 36. h4 Kd6 37. f3 Nh5 38. Re1 Nhf4+ 39. Ke4 Ne6 40. Kd3 Ndf4+ 41. Ke4 h6 42. Ke3 g5 43. hxg5 hxg5 44. Kf2 Nxd4 45. Rd1 Ke5 46. Ke3 Nd5+ 47. Kf2 Ne6 48. Re1+ Kd6 49. Kg3 Ndf4 50. Kg4 Kc5 51. Kf5 Nd4+ 52. Kg4 Nd3 53. Re3 Nxb2 54. Kxg5 Nc4 55. Rd3 Ne5 56. Rc3+ Kd5 57. f4 Ne6+ 58. Kf5 Nd4+ 59. Kg5 Nf7+ 60. Kg4 Nd6 61. Re3 b5 62. Re5+ Kc4 63. Re7 a5 64. Rc7+ Kd5 65. Ra7 Nc6 66. Rd7 b4 67. axb4 axb4 68. Rh7 b3 69. Rh3 Nd4 70. Rxb3 Nxb3 71. f5 Ke5 72. f6 Nf7 73. Kh5 Nc5 74. Kg6 Ke6 75. Kh5 Nd7 76. Kg4 Nde5+ 77. Kf4 Kxf6 1/2-1/2


[Site "https://www.chess.com"]

[Event "Titled Tuesday Blitz May 24 Late 2022"]
[White "Al-Tarboush, Ward"]
[Black "Wu, Derek"]
[WhiteFideId "7601450"]
[BlackFideId "30914558"]
[WhiteElo "2294"]
[BlackElo "2071"]
[Result "1-0"]
[Round "06"]
[TimeControl "180+1"]
[Date "2022.05.24"]
[WhiteClock "0:00:06"]
[BlackClock "0:00:36"]

1. e4 d6 2. d4 Nd7 3. Nf3 Ngf6 4. Nc3 e5 5. Bc4 Be7 6. O-O O-O 7. Re1 c6 8. a4 a5 9. h3 Qc7 10. Be3 h6 11. Qd2 exd4 12. Nxd4 Ne5 13. Ba2 Re8 14. f4 Ng6 15. g3 Bxh3 16. Nf5 Ng4 17. Bd4 Bf6 18. Bxf6 Nxf6 19. Qxd6 Qb6+ 20. Qd4 Qxb2 21. Bb3 Rad8 22. Qc4 Bxf5 23. Reb1 Be6 24. Rxb2 Bxc4 25. Bxc4 Nxe4 26. Nxe4 Rxe4 27. Bd3 Rb4 28. Rab1 c5 29. Kf2 Ne7 30. Bb5 Nd5 31. Rxb4 Nxb4 32. c3 Nd5 33. Rd1 c4 34. Bxc4 Rc8 35. Bxd5 Rxc3 36. Bxb7 Rc2+ 37. Kf3 Rc3+ 38. Kg2 Rc2+ 39. Kh3 Rc4 40. Rd8+ Kh7 41. Bd5 Rd4 42. Rd7 h5 43. Bc6 Rc4 44. Bb5 Rc1 45. Rxf7 Kg6 46. Ra7 Rh1+ 47. Kg2 Rc1 48. Ra6+ Kf5 49. Rxa5 Kg4 50. Be2# 1-0


[Site "https://www.chess.com"]

[Event "Titled Tuesday Blitz May 24 Late 2022"]
[White "Andreikin, Dmitry"]
[Black "Zakhartsov, Vladimir"]
[WhiteFideId "4158814"]
[BlackFideId "4145097"]
[WhiteElo "2736"]
[BlackElo "2428"]
[Result "1-0"]
[Round "06"]
[TimeControl "180+1"]
[Date "2022.05.24"]
[WhiteClock "0:01:23"]
[BlackClock "0:00:08"]

1. d4 Nf6 2. c4 g6 3. Nc3 d5 4. cxd5 Nxd5 5. e4 Nxc3 6. bxc3 Bg7 7. Be3 c5 8. Qd2 cxd4 9. cxd4 Nc6 10. Rd1 O-O 11. Be2 b6 12. Nf3 Bb7 13. h4 h5 14. Bh6 e6 15. O-O Rc8 16. Bxg7 Kxg7 17. Ng5 Qe7 18. d5 exd5 19. exd5 Ne5 20. Rfe1 Qd6 21. Ne4 Qb8 22. f4 Nd7 23. Bb5 Rcd8 24. Qd4+ f6 25. Ng5 Nc5 26. Re7+ Kg8 27. d6 Rxd6 28. Bc4+ 1-0


[Site "https://www.chess.com"]

[Event "Titled Tuesday Blitz May 24 Late 2022"]
[White "Antonio, Jorge Carlos"]
[Black "Peralta, Eduardo"]
[WhiteFideId "113190"]
[BlackFideId "3700062"]
[WhiteElo "2247"]
[BlackElo "2125"]
[Result "1-0"]
[Round "06"]
[TimeControl "180+1"]
[Date "2022.05.25"]
[WhiteClock "0:00:18"]
[BlackClock "0:00:02"]

1. d4 Nf6 2. Nf3 g6 3. c4 Bg7 4. Nc3 O-O 5. e4 d6 6. Be2 Bg4 7. O-O Nfd7 8. h3 Bxf3 9. Bxf3 Nc6 10. Be3 e5 11. d5 Nd4 12. Be2 c5 13. dxc6 bxc6 14. f3 Qa5 15. a3 f5 16. b4 Qd8 17. Bd3 Qe7 18. Re1 f4 19. Bf2 Bf6 20. Ne2 Bh4 21. Bxh4 Qxh4 22. Nxd4 exd4 23. e5 Nxe5 24. Be4 d3 25. c5 Qf6 26. Bxd3 d5 27. b5 Rad8 28. b6 Nd7 29. bxa7 Qd4+ 30. Kh1 Qxc5 31. Qc2 Qxc2 32. Bxc2 Nb6 33. Re7 Rf7 34. Rae1 d4 35. Bb3 d3 36. Rxf7 Kh8 37. Rfe7 d2 38. Re8+ Kg7 39. R1e7+ Kf6 40. Rxd8 Kxe7 41. Rxd2 c5 42. Rc2 Kd6 43. Bc4 Kc6 44. a4 Kb7 45. a5 Nd7 46. a6+ Kxa7 47. Rd2 Nb6 48. Be6 c4 49. Bxc4 Nxc4 50. Rd7+ Kxa6 51. Rxh7 Kb5 52. Rg7 Ne5 53. Re7 Nc6 54. Re6 g5 55. Rg6 Kc5 56. Rxg5+ Kd4 57. Rf5 Ke3 58. h4 Ne7 59. Re5+ Kf2 60. Rxe7 Kg3 61. Rg7+ Kf2 62. Rg4 Ke3 63. h5 Kf2 64. h6 1-0


[Site "https://www.chess.com"]